 Dungeon Crawl Stone Soup version 0.21-a0-613-g5d64845 (webtiles) character file.

30 slep the Chopper (level 3, 0/18 HPs)
             Began as a Vine Stalker Gladiator on Dec 22, 2017.
             Succumbed to a kobold's poison
             ... on level 2 of the Dungeon.
             The game lasted 00:03:00 (436 turns).

slep the Chopper (Vine Stalker Gladiator)            Turns: 436, Time: 00:03:01

Health: 0/18       AC:  7    Str: 13 (16) XL:     3   Next: 18%
Magic:  4/4        EV: 12    Int:  6 (8)  God:
Gold:   46         SH:  3    Dex: 15 (16) Spells: 2/2 levels left

rFire    . . .     SeeInvis .   a - +0 war axe
rCold    . . .     Gourm    .   i - +0 buckler
rNeg     . . .     Faith    .   b - +0 leather armour
rPois    .         Spirit   +   c - +0 helmet
rElec    .         Reflect  .   h - +2 cloak
rCorr    .         Harm     .   (no gloves)
MR       .....                  (no boots)
Stlth    +.........             (no amulet)
HPRegen  0.06/turn              (no ring)
MPRegen  0.09/turn              (no ring)

@: lethally poisoned (0 -> -1)
A: fangs 2, magic shield, antimagic bite, no potion heal 3, rot immunity
a: no special abilities


You were on level 2 of the Dungeon.
You were not hungry.

You visited 1 branch of the dungeon, and saw 2 of its levels.

You collected 46 gold pieces.

Inventory:

Hand Weapons
 a - a +0 war axe (weapon)
Missiles
 d - 3 throwing nets (quivered)
 m - 10 poisoned needles
Armour
 b - a +0 leather armour (worn)
 c - a +0 helmet (worn)
 h - a +2 cloak (worn)
 i - a +0 buckler (worn)
Scrolls
 e - a scroll of remove curse {unknown}
 l - a scroll of immolation {unknown}
Comestibles
 f - 4 rations


   Skills:
 + Level 1.9 Fighting
 + Level 3.2 Axes
 + Level 2.0 Throwing
 + Level 2.8 Dodging
 + Level 0.1 Stealth


You had 2 spell levels left.
You didn't know any spells.

Dungeon Overview and Level Annotations

Branches:
Dungeon (1/15)

Altars:
Trog


Innate Abilities, Weirdness & Mutations

You have extremely sharp teeth.
When hurt, damage is shared between your health and your magic reserves.
Your bite disrupts and absorbs the magic of your enemies.
Potions cannot restore your health.
You are immune to rotting.


Message History

Unknown command.
* * * LOW HITPOINT WARNING * * *
You feel sick.
Your transformation is almost over.
* * * LOW HITPOINT WARNING * * *
You feel sick.
Unknown command.
* * * LOW HITPOINT WARNING * * *
You feel sick.
You are confused.
Your system rejects the healing.
You feel invigorated.
Unknown command.
* * * LOW HITPOINT WARNING * * *
You feel sick.
You feel less wooden.
Your +2 cloak unmelds from your body.
Your +0 helmet unmelds from your body.
Your +0 leather armour unmelds from your body.
You feel less invigorated.
You feel less confused.
You die...

.#..###.).#
##.# ##..# .
#...###.##
..##._....)#
.......#...#
.....# #..)#
#...##...#
#....#...#
#....@.##
######.# #.#
#.# #.# .#.
# #


There were no monsters in sight!

Vanquished Creatures
  2 oozes (D:1)
  A leopard gecko (D:1)
  3 giant cockroaches (D:1)
  A goblin (D:1)
  7 kobolds
  3 bats (D:1)
  2 rats (D:1)
19 creatures vanquished.

Notes
Turn   | Place    | Note
-------+----------+-------------------------------------------
     0 | D:1      | slep the Vine Stalker Gladiator began the quest for the Orb.
     0 | D:1      | Reached XP level 1. HP: 11/11 MP: 2/2
   111 | D:1      | Reached XP level 2. HP: 14/15 MP: 3/3
   124 | D:1      | Reached skill level 3 in Axes
   330 | D:1      | Reached XP level 3. HP: 16/18 MP: 4/4
   389 | D:1      | You fall through a shaft!
   395 | D:2      | Found a bloodstained altar of Trog.
   428 | D:2      | HP: 1/27 [poisoned by a kobold]
   436 | D:2      | Succumbed to a kobold's poison

Vault maps used:
D:1:      minmay_arrival_five_plusses
D:2:      nicolae_ru_great_annihilating_truth,
          chequers_ecumenical_altar_simple_redux, trog_three_pillars_becter

Skill      XL: |  1  2  3 |
---------------+----------+-----
Axes           | 3 |  3.2
Throwing       | 2 |  2.0
Fighting       | |  1.9
Dodging        | |  2.8
Stealth        | |  0.1

Action                   || total
-------------------------++-------
Melee: War axe           ||    48
       Bite              ||    16
  Use: Potion            ||     4
 Stab: Distracted        ||     1
Armor: Leather armour    ||    17
Dodge: Dodged            ||    45
Block: Buckler           ||     6

Table legend:
 A = Spawn XP
 B = Non-spawn XP
 C = Spawn XP percentage of total XP
 D = Spawn monster count
 E = Non-spawn monster count
 F = Spawn count percentage of total count
 G = Total turns spent on level
                    A         B        C        D         E        F      G
               +---------+---------+-------+---------+---------+-------+---------
         Total |       0 |      43 |   0.0 |       0 |      19 |   0.0 |   436
               +---------+---------+-------+---------+---------+-------+---------
           D:1 |       0 |      37 |   0.0 |       0 |      16 |   0.0 |   389
           D:2 |       0 |       6 |   0.0 |       0 |       3 |   0.0 |    47
               +---------+---------+-------+---------+---------+-------+---------
